 Dungeon Crawl Stone Soup version 0.31.0-32-g396128a36d (webtiles) character file.

Game seed: 7816435523028902101

103 PaiMei the Grave Robber (level 4, -5/31 (32) HPs)
             Began as a Demonspawn Necromancer on Apr 11, 2024.
             Slain by a black bear (6 damage)
             ... on level 3 of the Dungeon.
             The game lasted 00:04:16 (3257 turns).

PaiMei the Grave Robber (Demonspawn Necromancer)    Turns: 3257, Time: 00:04:16

HP:   -5/31 (32)    AC:  3    Str: 11    XL:     4   Next: 51%
MP:   0/8           EV: 13    Int: 17    God:
Gold: 84            SH:  0    Dex: 17    Spells: 4/8 levels left

rFire   . . .        l - +2 hand axe "Ediw" {freeze, rElec rPois Str+3 Dex+3}
rCold   . . .        (no shield)
rNeg    . . .        a - +0 robe
rPois   +            (helmet restricted)
rElec   +            (no cloak)
rCorr   .            f - +0 pair of gloves
SInv    .            (no boots)
Will    .....        (no amulet)
Stlth   ++           (no ring)
HPRegen 0.25/turn    (no ring)
MPRegen 0.11/turn

%: no passive effects
@: very slightly contaminated, lightly drained
A: horns 2
a: no special abilities


You were on level 3 of the Dungeon.
You visited 1 branch of the dungeon, and saw 3 of its levels.

You collected 84 gold pieces.

Inventory:

Hand Weapons
 c - a +1 dagger of pain
 l - the +2 hand axe "Ediw" (weapon) {freeze, rElec rPois Str+3 Dex+3}
   (You found it on level 2 of the Dungeon)

   Str+3:     It affects your strength (+3).
   Dex+3:     It affects your dexterity (+3).
   rElec:     It insulates you from electricity.
   rPois:     It protects you from poison
Armour
 a - a +0 robe (worn)
 f - a +0 pair of gloves (worn)
Scrolls
 d - 5 scrolls of identify {unknown}
 e - a scroll of noise {unknown}
 g - 2 scrolls of poison {unknown}
 h - a scroll of enchant armour {unknown}
 j - a scroll of summoning {unknown}
 m - a scroll of teleportation {unknown}
Potions
 b - 2 potions of magic
 i - a potion of lignification {unknown}
 k - a potion of berserk rage {unknown}
 n - a potion of curing {unknown}
 o - a potion of haste {unknown}
 p - a potion of enlightenment {unknown}


   Skills:
 + Level 1.5 Fighting
 + Level 2.6 Dodging
 - Level 2.0 Stealth
 + Level 2.7 Spellcasting
 + Level 5.0 Necromancy


You had 4 spell levels left.
You knew the following spells:

 Your Spells              Type           Power      Damage    Failure   Level
a - Necrotise             Necr           76%        1d7       2%          1
b - Vampiric Draining     Necr           19%        2d7       7%          3

Your spell library contained the following spells:

 Spells                   Type           Power      Damage    Failure   Level
 Animate Dead             Necr           19%        N/A       22%         4
 Curse of Agony           Necr           19%        N/A       52%         5


Dungeon Overview and Level Annotations

Branches:
Dungeon (3/15)

Altars:


Innate Abilities, Weirdness & Mutations

You have a pair of horns on your head.


Message History

Confirm with . or Enter, or press ? or * to list all spells.
Aiming: Vampiric Draining (quite dangerous; 7% risk of failure)
Press: ? - help, Shift-Dir - straight line, f/p - black bear
Aim: a black bear You miscast Vampiric Draining.
Nothing appears to happen.
The black bear bites you. The black bear barely misses you.
The black bear claws you but does no damage.
Casting: Vampiric Draining (quite dangerous; 7% risk of failure)
Confirm with . or Enter, or press ? or * to list all spells.
Aiming: Necrotise (safe; 2% risk of failure)
Press: ? - help, Shift-Dir - straight line, f/p - black bear
Aim: a black bear (chance to affect: 78%)
The black bear writhes in agony.
The black bear bites you. The black bear closely misses you.
The black bear claws you.
Casting: Necrotise (safe; 2% risk of failure)
Confirm with . or Enter, or press ? or * to list all spells.
Aiming: Necrotise (safe; 2% risk of failure)
Press: ? - help, Shift-Dir - straight line, f/p - black bear
Aim: a black bear (moderately wounded, chance to affect: 78%)
The black bear writhes in agony!
The black bear bites you but does no damage.
The black bear misses you. The black bear closely misses you.
You slash the black bear! You freeze the black bear.
The black bear is severely wounded.
The black bear goes berserk!
You barely miss the black bear.
You headbutt the black bear, but do no damage.
The black bear is severely wounded.
The black bear completely misses you. The black bear claws you.
* * * LOW HITPOINT WARNING * * *
The black bear claws you.
* * * LOW HITPOINT WARNING * * *
The black bear misses you. The black bear claws you.
* * * LOW HITPOINT WARNING * * *
The black bear closely misses you.
You hit the black bear. You freeze the black bear.
Your headbutt misses the black bear.
The black bear is almost dead.
The black bear bites you.
You die...

#.#......# .#
#####...##...###.#
#................#
#.###...#.#.......
#.# #.............
#<# ##..##...##.##
#.# #....###.....
#h# #...## #..##
#@# #...# ..# #.#
#...# .# #.# #....
.# #.. ..### # ###


You could see a black bear (berserk).

Vanquished Creatures
  Terence (D:2)
  2 adders
  A dart slug (D:3)
  2 ribbon worms (D:2)
  An orc (D:3)
  4 bats
  8 endoplasms
  4 giant cockroaches
  7 goblins
  7 hobgoblins
  A quokka (D:1)
  5 ball pythons (D:1)
  A frilled lizard (D:1)
  A kobold (D:2)
  4 rats
49 creatures vanquished.

Notes
Turn   | Place    | Note
-------+----------+-------------------------------------------
     0 | D:1      | PaiMei the Demonspawn Necromancer began the quest for the
                  | Orb.
     0 | D:1      | Reached XP level 1. HP: 13/13 MP: 3/3
   391 | D:1      | Discovered your monstrous ancestry.
   391 | D:1      | Gained mutation: You have a pair of small horns on your
                  | head. [demonic ancestry]
   391 | D:1      | Reached XP level 2. HP: 19/19 MP: 1/5
  1114 | D:1      | Reached XP level 3. HP: 25/25 MP: 6/6
  1118 | D:1      | Learned a level 3 spell: Vampiric Draining
  1148 | D:2      | Noticed Terence
  1810 | D:2      | Reached skill level 1 in Fighting
  2349 | D:2      | Identified the +2 hand axe "Ediw" {freeze, rElec rPois
                  | Str+3 Dex+3}
  2370 | D:2      | Killed Terence
  2371 | D:2      | Gained mutation: You have a pair of horns on your head.
                  | [demonic ancestry]
  2371 | D:2      | Reached XP level 4. HP: 15/32 MP: 1/7
  2521 | D:2      | Reached skill level 5 in Necromancy
  3178 | D:3      | Noticed a black bear
  3256 | D:3      | HP: 1/31 [black bear (5)]
  3257 | D:3      | Slain by a black bear

Illustrated notes

Levels and vault maps discovered:
D:1:      scummos_arrival_gate, layout_basic
D:2:      layout_rooms, dk_vineyard_2, minivault_14, hangedman_decor_riveting,
          uniq_terence
D:3:      layout_loops_ring, mainiacjoe_overflow_tiny_flanked,
          shapermc_ecumenical_altar_ellora, chequers_avenue, st_stairs_3,
          uniq_sigmund

Skill      XL: |  1  2  3  4 |
---------------+-------------+-----
Stealth        | 2 |  2.0
Dodging        | 2 |  2.6
Fighting       | 1 |  1.5
Necromancy     | 5 |  5.0
Spellcasting   | |  2.7

Action                     |  1- 3 |  4- 6 || total
---------------------------+-------+-------++-------
  Melee: Unarmed           |     4 |       ||     4
         Dagger            |    18 |       ||    18
         Headbutt          |     3 |     2 ||     5
         Hand axe          |     3 |    12 ||    15
   Cast: Necrotise         |    69 |    25 ||    94
   Stab: Sleeping          |     2 |       ||     2
 Armour: Robe              |    23 |    17 ||    40
  Dodge: Dodged            |    25 |    23 ||    48
